 Dungeon Crawl Stone Soup version 0.30-a0-782-ge64f9170bb (webtiles) character file.

Game seed: 5783075001549235087

158 Dirtsage the Chopper (level 5, 0/61 HPs)
             Began as a Demonspawn Fighter on Mar 14, 2023.
             Slain by a gnoll
             ... wielding a +0 spear
             ... led by a gnoll bouda
              (2 damage)
             ... on level 3 of the Dungeon.
             The game lasted 00:04:38 (2093 turns).

Dirtsage the Chopper (Demonspawn Fighter)           Turns: 2093, Time: 00:04:39

Health: 0/61       AC: 22    Str: 18    XL:     5   Next: 16%
Magic:  5/5        EV:  2    Int:  9    God:
Gold:   128        SH:  4    Dex: 13    Spells: 4/4 levels left

rFire   + . .      SeeInvis .    a - +0 war axe
rCold   . . .      Faith    .    c - +0 buckler
rNeg    . . .      Spirit   .    (body armour currently unavailable)
rPois   +          Reflect  .    (helmet currently unavailable)
rElec   .          Harm     .    (cloak currently unavailable)
rCorr   .          Rampage  .    (gloves currently unavailable)
Will    .....      NoTele   +    (boots currently unavailable)
Stlth   +                        (no amulet)
HPRegen 0.30/turn                F - ring of protection from fire
MPRegen 0.09/turn                (no ring)

@: brilliant, tree-form, weakened
A: stationary, stasis, torment immunity, boosted hp, (claws 1), ignite blood 1
a: no special abilities


You were on level 3 of the Dungeon.
You were a tree.
You visited 1 branch of the dungeon, and saw 3 of its levels.

You collected 188 gold pieces.
You spent 60 gold pieces at shops.

Inventory:

Hand Weapons
 a - a +0 war axe (weapon)
 i - a +5 club
Missiles
 u - 5 curare-tipped darts (quivered)
Armour
 b - a +0 scale mail (melded)
 c - a +0 buckler (worn)
 g - a +0 pair of gloves (melded)
 m - a +0 plate armour
Jewellery
 F - a ring of protection from fire (left branch)
 W - a ring of wizardry
Scrolls
 e - 2 scrolls of magic mapping
 f - a scroll of immolation
 h - 3 scrolls of poison {unknown}
 k - a scroll of enchant armour
 n - a scroll of vulnerability
 o - a scroll of enchant weapon
 r - 2 scrolls of noise {unknown}
 s - 2 scrolls of amnesia {unknown}
 t - 2 scrolls of teleportation
 v - a scroll of silence {unknown}
 B - a scroll of blinking
Potions
 d - 2 potions of might
 q - a potion of flight


   Skills:
 - Level 3.0 Fighting
 + Level 4.9 Axes
 - Level 2.6 Armour
 - Level 2.6 Shields


You had 4 spell levels left.
You didn't know any spells.
Your spell library contained the following spells:

 Spells                   Type           Power      Damage    Failure   Level
 Kiss of Death            Conj/Necr      0%         2d5       47%         1
 Confusing Touch          Hex            0%         N/A       85%         3
 Dispel Undead            Necr           0%         3d6       99%         4
 Olgreb's Toxic Radiance  Pois           0%         N/A       99%         4
 Ozocubu's Refrigeration  Ice            0%         4d7       100%        7
 Ignition                 Fire           0%         3d3       100%        8


Dungeon Overview and Level Annotations

Branches:
Dungeon (3/15)

Altars:

Shops:
D:1 (   D:2 ?


Innate Abilities, Weirdness & Mutations

You are a tree.
Your roots penetrate the ground, keeping you stationary.
You cannot be teleported.
You are immune to unholy pain and torment.
Your maximum health is greatly increased.
Your equipment is partially melded.
((You have sharp fingernails.))
Your demonic aura sometimes causes spilled blood to erupt in flames.


Message History

The gnoll bouda shouts!
The gnoll bouda barks out a call to the hunt!
The gnoll picks up the pace!
The gnoll completely misses you.
The gnoll hits you from afar with a +0 spear.
* * * LOW HITPOINT WARNING * * *
You take 6 damage, and have 3/41 hp.
It was a potion of curing.
You feel better. The gnoll hits you with a +0 whip.
* * * LOW HITPOINT WARNING * * *
The gnoll hits you but does no damage.
It was a potion of brilliance.
You feel clever all of a sudden. The gnoll hits you but does no damage.
The gnoll bouda gazes fiercely through you!
You feel your attacks grow feeble.
The gnoll hits you from afar with a +0 spear.
* * * LOW HITPOINT WARNING * * *
You take 3 damage, and have 1/41 hp.
It was a potion of lignification.
You turn into a tree.
Your +0 pair of gloves melds into your body.
Your +0 scale mail melds into your body.
Your roots penetrate the ground.
The gnoll barely misses you. You block the gnoll's attack.
You now have 3/61 hp.
You closely miss the gnoll.
The gnoll is moderately wounded.
The gnoll bouda gazes fiercely through you!
You feel as though you will be weak longer.
The gnoll hits you with a +0 whip.
* * * LOW HITPOINT WARNING * * *
The gnoll hits you but does no damage.
You take 1 damage, and have 2/61 hp.
Okay, then.
You slash the gnoll!
The gnoll is severely wounded.
You block the gnoll's attack.
The gnoll bouda barks out a call to the hunt!
The gnoll picks up the pace!
The gnoll hits you from afar with a +0 spear.
You die...

.###...... ..#. ..........
..#. ........... .....
............ #....
............ ......
............
#....g######.....#####..
.......)...[.....#).....
......g♣.g..#...........
.......!....#...........
........................
...#########............
...####.................
.................#######..
.................## #..
....................# #..
..........).........####..


You could see a gnoll bouda and 2 gnolls.

Vanquished Creatures
  Jessica (D:3)
  A gnoll (D:3)
  2 adders (D:2)
  A worm (D:2)
  4 dart slugs
  4 orcs (D:3)
  7 ball pythons
  10 bats
  4 endoplasms
  13 giant cockroaches
  11 goblins
  7 hobgoblins
  2 jackals (D:2)
  5 kobolds
  3 quokkas
  4 frilled lizards
  2 rats (D:1)
81 creatures vanquished.

Notes
Turn   | Place    | Note
-------+----------+-------------------------------------------
     0 | D:1      | Dirtsage the Demonspawn Fighter began the quest for the
                  | Orb.
     0 | D:1      | Reached XP level 1. HP: 18/18 MP: 1/1
    11 | D:1      | Reached skill level 2 in Axes
   117 | D:1      | Gained mutation: Your demonic aura sometimes causes spilled
                  | blood to erupt in flames. [demonic ancestry]
   117 | D:1      | Reached XP level 2. HP: 24/24 MP: 2/2
   180 | D:1      | Found a faded altar of an unknown god.
   241 | D:1      | Reached skill level 3 in Axes
   316 | D:1      | Found Miphuh Orot's Antique Weapon Boutique.
   406 | D:1      | Reached XP level 3. HP: 22/29 MP: 3/3
   988 | D:2      | Found Wuler's Magic Scroll Shoppe.
   993 | D:2      | Bought a scroll of identify for 20 gold pieces
   993 | D:2      | Bought a scroll of identify for 20 gold pieces
   993 | D:2      | Bought a scroll of identify for 20 gold pieces
  1036 | D:2      | Reached skill level 4 in Axes
  1036 | D:2      | Gained mutation: You have sharp fingernails. [demonic
                  | ancestry]
  1036 | D:2      | Reached XP level 4. HP: 21/35 MP: 4/4
  1736 | D:3      | Noticed Jessica
  1744 | D:3      | Killed Jessica
  1955 | D:3      | Reached XP level 5. HP: 39/41 MP: 5/5
  2090 | D:3      | HP: 1/41 [gnoll/+0 spear[a gnoll bouda] (3)]
  2093 | D:3      | Slain by a gnoll

Illustrated notes

Levels and vault maps discovered:
D:1:      ncdulo_lavacross, layout_basic, serial_shops, nicolae_shop_crystal,
          basic_ecumenical_altar, minmay_box_of_dots
D:2:      minmay_razor_zed, layout_loops_ring, serial_shops, shop_statue,
          nrook_campfire
D:3:      minmay_roachtagon, layout_basic, serial_shops, shop_fountains,
          dk_noncrumbling_3, minmay_strange_pillars, dreamdust_wishing_well,
          uniq_jessica

Skill      XL: |  1  2  3 |
---------------+----------+-----
Axes           | 2 3 4 |  4.9
Fighting       | |  3.0
Armour         | |  2.6
Shields        | |  2.6

Action                     |  1- 3 |  4- 6 || total
---------------------------+-------+-------++-------
  Melee: War axe           |   132 |    87 ||   219
    Use: Scroll            |     6 |     1 ||     7
         Potion            |       |     4 ||     4
 Armour: Scale mail        |    76 |    56 ||   132
         Skin              |       |     1 ||     1
  Dodge: Dodged            |    62 |    46 ||   108
  Block: Buckler           |    31 |    26 ||    57

Table legend: (Time is in decaauts)
 A = Elapsed time spent in this place.
 B = Non-inter-level travel time spent in this place.
 C = Inter-level travel time spent in this place.
 D = Time resting spent in this place.
 E = Time spent auto-exploring this place.
 F = Levels seen in this place.
 G = Mean time per level.
                   A        B        C        D        E       F      G
               +--------+--------+--------+--------+--------+-----+--------+
         Total |   2171 |   2129 |     42 |      0 |   1627 |   3 |  723.7 |
       Dungeon |   2171 |   2129 |     42 |      0 |   1627 |   3 |  723.7 |
               +--------+--------+--------+--------+--------+-----+--------+

Top non-repeatable levels by time:
     D:2: 1100 daAuts
     D:1: 601 daAuts
     D:3: 470 daAuts
